 Dungeon Crawl Stone Soup version 0.18-a0-1702-gd20c6a5 (webtiles) character file.

138 Ijustatesigmund the Sneak (level 5, -1/54 HPs)
             Began as an Octopode Assassin on Apr 6, 2016.
             Slain by an orc
             ... wielding a +0 flail
              (6 damage)
             ... on level 3 of the Dungeon.
             The game lasted 00:03:58 (1735 turns).

Ijustatesigmund the Sneak (Octopode Assassin)       Turns: 1735, Time: 00:03:59

Health: -1/54      AC:  2    Str: 15    XL:     5   Next: 21%
Magic:  5/5        EV: 12    Int: 14    God:
Gold:   86         SH:  0    Dex: 14    Spells: 0 memorised, 4 levels left

rFire  . . .     SeeInvis .     a - +2 dagger
rCold  . . .     Gourm    .     (no shield)
rNeg   . . .     Faith    .     i - +1 hat
rPois  .         Spirit   .     h - amulet of rage
rElec  .         Dismiss  .     (no ring)
rCorr  .         Reflect  .     (no ring)
SustAt .         Harm     .     (no ring)
MR     .....                    (no ring)
Stlth  ..........               (no ring)
                                (no ring)
                                (no ring)
                                (no ring)

@: berserking, very slightly contaminated, hasted, very quick, not resistant to
hostile enchantments, extremely unstealthy
A: almost no armour, amphibious, 8 rings, constrict 8, camouflage 1, gelatinous
body 1
a: Evoke Berserk Rage


You were on level 3 of the Dungeon.
You were hungry.

You visited 1 branch of the dungeon, and saw 3 of its levels.

You collected 86 gold pieces.

Inventory:

Hand Weapons
 a - a +2 dagger (weapon)
 b - a +0 blowgun
Missiles
 c - 8 poisoned needles
 d - 2 curare-tipped needles
 g - 4 poisoned tomahawks (quivered)
Armour
 i - a +1 hat (worn)
Jewellery
 h - an amulet of rage (around mantle)
Potions
 j - a potion of flight
Comestibles
 f - a bread ration


   Skills:
 - Level 3.0 Fighting
 + Level 4.2 Short Blades
 + Level 2.7 Throwing
 - Level 1.0 Dodging
 - Level 5.3 Stealth


You had 4 spell levels left.
You didn't know any spells.

Dungeon Overview and Level Annotations

Branches:
Dungeon (3/15)

Altars:


Innate Abilities, Weirdness & Mutations

You cannot wear most types of armour.
You are amphibious.
You can wear up to eight rings at the same time.
You can use your tentacles to constrict eight enemies at once.
Your skin changes colour to match your surroundings (Stealth).
Your rubbery body absorbs attacks (AC +1).


Message History

The orc closely misses you.
You puncture the orc!
You kill the orc!
The orc wizard hits you but does no damage.
You are feeling hungry.
You hit the orc wizard. You grab the orc wizard. You squeeze the orc wizard!
You kill the orc wizard!
You have reached level 5!
You feel clever. The kobold closely misses you. The orc hits you with a flail.
* * * LOW HITPOINT WARNING * * *
You hit the orc. You grab the orc.
The orc is moderately wounded.
You constrict the orc. The orc barely misses you.
You closely miss the orc. Your grab misses the orc. You constrict the orc.
The kobold closely misses you.
You puncture the orc!
You kill the orc!
You constrict the orc. The orc hits you with a flail.
You die...

.....#.###......#
.... #.##....##.#
.## #.#.###.# #.#.
#.##
....###..####.#
##.#..........#
#........#########
#..#.....#)).....#
#.........@o.....#
..........)K.....#
........)..[.....#
.#..#.##.........#
#.... ..........#
####.####.......#
#########


You could see an orc and a kobold.

Vanquished Creatures
  An orc priest (D:3)
  An orc wizard (D:3)
  3 adders
  A dart slug (D:1)
  A worm (D:2)
  A giant gecko (D:2)
  5 orcs (D:3)
  3 bats
  3 giant cockroaches
  5 goblins
  3 hobgoblins (D:2)
  4 jackals (D:3)
  A ball python (D:3)
  2 giant newts (D:1)
  6 kobolds
  5 rats
45 creatures vanquished.

Notes
Turn   | Place    | Note
--------------------------------------------------------------
     0 | D:1      | Ijustatesigmund the Octopode Assassin began the quest for the Orb.
     0 | D:1      | Reached XP level 1. HP: 14/14 MP: 1/1
   184 | D:1      | Reached XP level 2. HP: 20/20 MP: 2/2
   559 | D:2      | Reached XP level 3. HP: 25/25 MP: 3/3
  1448 | D:3      | Reached XP level 4. HP: 29/31 MP: 4/4
  1732 | D:3      | Reached XP level 5. HP: 10/36 MP: 5/5
  1735 | D:3      | Slain by an orc

Vault maps used:
D:1:      evilmike_arrival_fibonacci_small, feat_on_display
D:3:      marbit_many_paths, grunt_ministairs_6

Skill      XL: |  1  2  3  4 |
---------------+-------------+-----
Fighting       | 3 |  3.0
Short Blades   | 3 4 |  4.2
Throwing       | |  2.7
Dodging        | |  1.0
Stealth        | |  5.3

Action                   |  1- 3 |  4- 6 || total
-------------------------+-------+-------++-------
Melee: Dagger            |    57 |    19 ||    76
 Abil: Evoke Berserk Rag |       |     1 ||     1
  Use: Scroll            |     4 |     2 ||     6
       Potion            |       |     1 ||     1
 Stab: Sleeping          |     8 |     1 ||     9
       Distracted        |       |     2 ||     2
  Eat: Chunk             |     1 |     1 ||     2
